 Dungeon Crawl Stone Soup version 0.25-a0-734-g73332aeda9 (webtiles) character file.

Game seed: 17816853160324484635, levelgen mode: deterministic

34730 kae the Brawler (level 13, -5/96 HPs)
             Began as a White Draconian Transmuter on Apr 10, 2020.
             Was the Champion of Hepliaklqana.
             Slain by a basilisk (12 damage)
             ... on level 6 of the Lair of Beasts.
             The game lasted 00:20:34 (22801 turns).

kae the Brawler (White Draconian Transmuter)       Turns: 22801, Time: 00:20:35

Health: -5/96      AC: 13    Str: 22    XL:     13   Next: 43%
Magic:  27/27      EV: 12    Int: 18    God:    Hepliaklqana [******]
Gold:   752        SH:  4    Dex: 11    Spells: 17/32 levels left

rFire    . . .     SeeInvis .     - Unarmed
rCold    + . .     Gourm    .   (shield currently unavailable)
rNeg     . . .     Faith    .   (armour unavailable)
rPois    +         Spirit   .   D - +2 hat
rElec    .         Reflect  +   (no cloak)
rCorr    .         Harm     .   (gloves currently unavailable)
MR       .....                  v - +2 pair of boots
Stlth    +.........             z - amulet of Hiaqui {Reflect +Fly Int+4 SH+4}
HPRegen  0.26/turn              o - +4 ring of strength
MPRegen  0.20/turn              g - ring of poison resistance

@: blade hands (expiring), studying Shields
A: breathe frost, unfitting armour, reduced essence, cold resistance 1,
cold-blooded, AC +8
a: Breathe Frost, End Transformation, Recall Ancestor, Ancestor Identity,
Transference, Idealise, Renounce Religion, Evoke Flight


You were on level 6 of the Lair of Beasts.
You worshipped Hepliaklqana.
Hepliaklqana was exalted by your worship.
You were not hungry.
You had blades for hands.
You visited 2 branches of the dungeon, and saw 17 of its levels.

You collected 1054 gold pieces.
You spent 302 gold pieces at shops.

Inventory:

Missiles
 a - 345 arrows
Armour
 v - a +2 pair of boots (worn)
 D - a +2 hat (worn)
Jewellery
 g - a ring of poison resistance (right scythe-like blade)
 o - a +4 ring of strength (left scythe-like blade)
 t - an uncursed ring of positive energy
 u - an uncursed ring of ice
 x - an uncursed amulet of the gourmand
 z - the amulet of Hiaqui (around neck) {Reflect +Fly Int+4 SH+4}
   (You bought it in a shop on level 8 of the Dungeon)

   [amulet of reflection]

   It shields you and reflects attacks.
   It affects your intelligence (+4).
   It lets you fly.
   It affects your SH (+4).
 E - an uncursed amulet of faith
 G - a +2 ring of strength
 H - an uncursed amulet of magic regeneration
 L - a +3 ring of intelligence
 M - an uncursed ring of fire
Wands
 f - a wand of digging (5)
 m - a wand of acid (15)
 q - a wand of clouds (8)
 s - a wand of enslavement (9)
 y - a wand of disintegration (2)
 B - a wand of flame (26)
 I - a wand of polymorph (15)
 J - a wand of random effects (9)
Scrolls
 e - 4 scrolls of remove curse
 i - 3 scrolls of immolation
 l - 3 scrolls of amnesia
 C - 5 scrolls of teleportation
 K - a scroll of identify
Potions
 b - a potion of heal wounds
 d - 5 potions of haste
 h - 5 potions of curing
 j - 3 potions of brilliance
 k - 3 potions of stabbing
 n - 3 potions of mutation
 p - a potion of invisibility
 r - 2 potions of might
 w - 4 potions of flight
 F - 2 potions of lignification
Books
 A - a manual of Shields
Comestibles
 c - 30 rations


   Skills:
 + Level 8.1 Fighting
 - Level 1.7 Dodging
 * Level 15.3 Unarmed Combat
 + Level 10.4 Spellcasting
 + Level 11.3 Transmutations


You had 17 spell levels left.
You knew the following spells:

 Your Spells              Type           Power        Failure   Level  Hunger
a - Beastly Appendage     Tmut           ######       6%          1    None
b - Sticks to Snakes      Tmut           ######..     7%          2    None
c - Spider Form           Tmut/Pois      ####......   22%         3    None
d - Ice Form              Ice/Tmut       ####....     41%         4    ###....
e - Blade Hands           Tmut           ######....   21%         5    #####..

Your spell library contained the following spells:

 Spells                   Type           Power        Failure   Level  Hunger
 Corona                   Hex            #......      41%         1    None
 Infusion                 Chrm           #...         41%         1    None
 Magic Dart               Conj           #...         41%         1    None
 Summon Small Mammal      Summ           #...         41%         1    None
 Call Imp                 Summ           #.......     50%         2    None
 Ensorcelled Hibernation  Hex/Ice        #.....       50%         2    None
 Searing Ray              Conj           #.....       50%         2    None
 Shroud of Golubria       Chrm/Tloc      #.....       50%         2    None
 Song of Slaying          Chrm           #.......     50%         2    None
 Call Canine Familiar     Summ           #.......     65%         3    None
 Confusing Touch          Hex            #.......     65%         3    None
 Dazzling Flash           Conj/Hex       #.....       65%         3    None
 Ozocubu's Armour         Chrm/Ice       #.......     65%         3    None
 Spectral Weapon          Hex/Chrm       #.......     65%         3    None
 Summon Guardian Golem    Hex/Summ       #.......     65%         3    None
 Tukima's Dance           Hex            #.......     65%         3    None
 Fulminant Prism          Conj/Hex       #.........   91%         4    ###....
 Iskenderun's Mystic Bla  Conj/Tloc      #.......     91%         4    ###....
 Summon Ice Beast         Ice/Summ       #.......     91%         4    ###....
 Summon Lightning Spire   Summ/Air       #.......     91%         4    ###....


Dungeon Overview and Level Annotations

Branches:
Dungeon (11/15)            Temple (0/1) D:7            Lair (6/6) D:11
  Swamp (0/4) Lair:2        Snake (0/4) Lair:2        Slime (0/5) Lair:5
    Orc (0/2) D:10

Altars:
Cheibriados
Dithmenos
Elyvilon
Hepliaklqana
Makhleb
Nemelex Xobeh
Okawaru
Ru
Trog
Vehumet
Xom
Zin
The Shining One

Shops:
D:8 *   D:10 %

Annotations:
Lair:1 exclusion: hydra
Lair:3 exclusion: oklob plant


Innate Abilities, Weirdness & Mutations

You can breathe waves of freezing cold.
You can buffet flying creatures when you breathe cold.
Your icy white scales are hard. (AC +8)
You cannot fit into any form of body armour.
Your flesh is cold resistant. (rC+)
You are cold-blooded and may be slowed by cold attacks.
Your life essence is reduced to manifest your ancestor. (-10% HP)


Message History

You slice the crocodile!!
You kill the crocodile!
A wolf comes into view.
The wolf bites you.
* * * LOW HITPOINT WARNING * * *
You completely miss the wolf.
The wolf howls!
You slash the wolf.
The wolf is moderately wounded.
You hear a trumpeting!
You hear an angry hiss.
You hear a trumpeting! x2
The wolf barely misses you.
You hear a howl! x2
You closely miss the wolf.
You tail-slap the wolf, but do no damage.
The wolf is moderately wounded.
You hear an angry hiss.
The wolf bites you.
* * * LOW HITPOINT WARNING * * *
The basilisk bites you!
You die...

.....##.##.<##.##
....#.#.....P....#
#..#...........(
#.PP............
##.....#.P..#....
#.....##.#..####.
###.....#......
#P.....#......##
##.@..#.#......
#.hl..#.......
#P.h..##.....
##....# .....
...... ...
.....P#. #......##
#.....#.


You could see a basilisk (confused) and 2 wolves.

Vanquished Creatures
  Kirke (Lair:4)
  5 hydras
  A catoblepas (Lair:4)
  Pikel (D:7)
  A deep elf mage (D:11)
  An ugly thing (D:9)
  10 elephants
  A centaur zombie (D:11)
  An ice statue (D:11)
  3 black mambas
  An eye of devastation (Lair:5)
  5 spiny frogs
  A torpor snail (Lair:2)
  3 komodo dragons
  2 rime drakes (Lair:4)
  A troll (D:11)
  2 hornets (D:9)
  4 hippogriffs
  7 blink frogs
  4 dream sheep (Lair:2)
  A spriggan (D:11)
  A wraith (D:11)
  7 basilisks
  13 yaks
  2 steam dragons (D:5)
  3 hogs (Lair:4)
  A vampire mosquito (D:9)
  A hungry ghost (D:11)
  3 nagas (Lair:2)
  5 water moccasins
  8 porcupines
  A swamp drake (D:11)
  3 orc warriors
  4 ice beasts
  A black bear (D:6)
  An eye of draining (Lair:5)
  A phantom (D:9)
  A necrophage (D:9)
  4 sky beasts
  7 ogres
  5 wolves
  6 centaurs
  15 crocodiles
  13 bullfrogs
  Blork the orc (D:4)
  A water moccasin zombie (D:6)
  A wyvern skeleton (D:11)
  3 scorpions
  5 wights (D:11)
  3 howler monkeys
  6 crimson imps
  A quasit (D:5)
  A bullfrog skeleton (D:10)
  A bullfrog zombie (D:7)
  3 hounds
  2 jellies
  6 orc priests
  2 centaur skeletons (D:10)
  An iguana (D:8)
  13 orc wizards
  5 worker ants
  2 hound zombies
  3 worker ant zombies
  Robin (D:4)
  8 adders
  4 gnolls
  A shadow imp (D:11)
  2 oozes
  2 adder skeletons (D:9)
  An adder zombie (D:9)
  3 worms (D:2)
  3 dart slugs
  8 leopard geckos
  65 orcs
  4 bats
  5 giant cockroaches
  12 goblins
  14 hobgoblins
  10 jackals
  13 kobolds
  11 quokkas
  A ball python (D:2)
  8 frilled lizards
  A leopard gecko skeleton (D:6)
  A quokka skeleton (D:7)
  11 rats
411 creatures vanquished.

Vanquished Creatures (collateral kills)
  A black mamba (Lair:5)
  A spiny frog (Lair:2)
  A komodo dragon (Lair:1)
  A troll (D:11)
  3 blink frogs (Lair:4)
  A hippogriff (D:9)
  A yak (Lair:1)
  2 porcupines
  A water moccasin (Lair:4)
  An ice beast (D:5)
  A phantom (D:9)
  2 wolves
  An ogre (D:11)
  2 crocodiles
  2 centaurs
  A big kobold (D:7)
  2 bullfrogs
  3 howler monkeys (D:9)
  A hound (D:11)
  2 orc priests
  An orc wizard (D:3)
  A quasit (D:9)
  An iguana (D:7)
  A worker ant (D:5)
  3 adders
  A leopard gecko (D:9)
  8 orcs
  A goblin (D:3)
  2 jackals (D:7)
  A bat (D:2)
  A frilled lizard (D:4)
  2 kobolds (D:7)
53 creatures vanquished.

Vanquished Creatures (others)
  9 hexers
  A quokka zombie (D:7)
  4 fungi
14 creatures vanquished.

Grand Total: 478 creatures vanquished

Notes
Turn   | Place    | Note
-------+----------+-------------------------------------------
     0 | D:1      | kae the Draconian Transmuter began the quest for the Orb.
     0 | D:1      | Reached XP level 1. HP: 16/16 MP: 3/3
    74 | D:1      | Reached XP level 2. HP: 12/23 MP: 3/5
   912 | D:2      | Reached XP level 3. HP: 28/28 MP: 4/6
   916 | D:2      | Learned a level 2 spell: Sticks to Snakes
   920 | D:2      | Learned a level 3 spell: Spider Form
  1481 | D:2      | Reached skill level 4 in Unarmed Combat
  1486 | D:2      | Reached XP level 4. HP: 7/35 MP: 1/7
  2084 | D:2      | Found a hazy altar of Hepliaklqana.
  2085 | D:2      | Found a shimmering altar of Xom.
  2086 | D:2      | Noticed a spectral ugly thing
  2262 | D:2      | Found a burning altar of Makhleb.
  2262 | D:2      | Found a radiant altar of Vehumet.
  2498 | D:2      | Became a worshipper of Hepliaklqana the Forgotten
  2690 | D:2      | Found a shadowy altar of Dithmenos.
  2690 | D:2      | Found a white marble altar of Elyvilon.
  2690 | D:2      | Found a snail-covered altar of Cheibriados.
  2690 | D:2      | Found a glowing silver altar of Zin.
  2706 | D:2      | Found a bloodstained altar of Trog.
  2706 | D:2      | Found a glowing golden altar of the Shining One.
  2962 | D:3      | Reached XP level 5. HP: 23/36 MP: 5/9
  3532 | D:3      | Reached skill level 5 in Unarmed Combat
  3660 | D:3      | Found a faded altar of an unknown god.
  3931 | D:3      | Reached * piety under Hepliaklqana
  4309 | D:3      | Reached XP level 6. HP: 42/42 MP: 8/10
  4315 | D:3      | Learned a level 4 spell: Ice Form
  4722 | D:4      | Noticed Blork the orc
  4987 | D:4      | Killed Blork the orc
  5276 | D:4      | Noticed an orc warrior
  5290 | D:4      | Killed an orc warrior
  5290 | D:4      | Reached skill level 6 in Unarmed Combat
  5290 | D:4      | Your scales start taking on an icy white colour.
  5290 | D:4      | Reached XP level 7. HP: 23/46 MP: 6/12
  5290 | D:4      | Gained mutation: Your flesh is cold resistant. (rC+) [White
                  | Draconian growth]
  5820 | D:4      | Noticed Robin
  5835 | D:4      | Killed Robin
  6333 | D:5      | Entered Level 5 of the Dungeon
  6487 | D:5      | Reached skill level 7 in Unarmed Combat
  6543 | D:5      | Found an iron altar of Okawaru.
  6557 | D:5      | Reached XP level 8. HP: 52/53 MP: 10/14
  6579 | D:5      | Reached skill level 5 in Transmutations
  6846 | D:5      | Reached skill level 5 in Spellcasting
  6854 | D:5      | Reached skill level 8 in Unarmed Combat
  8145 | D:6      | Reached XP level 9. HP: 49/57 MP: 17/17
  8161 | D:6      | Reached skill level 9 in Unarmed Combat
  8276 | D:6      | Reached ** piety under Hepliaklqana
  8277 | D:6      | Remembered your ancestor Sinnashi as a hexer
  8340 | D:6      | Found a sparkling altar of Nemelex Xobeh.
  8631 | D:7      | Noticed Pikel
  8645 | D:7      | Killed Pikel
  8752 | D:7      | Learned a level 5 spell: Blade Hands
  8958 | D:7      | Found a staircase to the Ecumenical Temple.
  9078 | D:7      | Reached skill level 10 in Unarmed Combat
  9201 | D:7      | Reached *** piety under Hepliaklqana
  9273 | D:7      | Found a sacrificial altar of Ru.
 10203 | D:8      | Found Boc Caim's Assorted Antiques.
 10213 | D:8      | Bought a lumpy inky potion for 30 gold pieces
 10213 | D:8      | Bought a scroll labeled WUDYUNITAE for 34 gold pieces
 10213 | D:8      | Bought an ancient garnet amulet for 170 gold pieces
 10213 | D:8      | Bought a scroll of identify for 68 gold pieces
 10214 | D:8      | Identified the amulet of Hiaqui {Reflect +Fly Int+4 SH+4}
                  | (You bought it in a shop on level 8 of the Dungeon)
 10692 | D:9      | Reached XP level 10. HP: 61/63 MP: 20/20
 10736 | D:9      | Paralysed by a hornet for 2 turns
 10738 | D:9      | Noticed a cyan ugly thing
 11029 | D:9      | Killed a cyan ugly thing
 11029 | D:9      | Reached skill level 11 in Unarmed Combat
 11363 | D:9      | Reached **** piety under Hepliaklqana
 11796 | D:10     | Entered Level 10 of the Dungeon
 12395 | D:10     | Found a staircase to the Orcish Mines.
 12555 | D:10     | Found Dacalipu's Food Shoppe.
 12906 | D:10     | Found Dacalipu's Food Shoppe.
 13141 | D:10     | Found a staircase to the Orcish Mines.
 13457 | D:11     | Reached skill level 12 in Unarmed Combat
 14037 | D:11     | Reached XP level 11. HP: 56/69 MP: 23/23
 14057 | D:11     | Noticed a four-headed hydra
 14083 | D:11     | Killed a four-headed hydra
 14374 | D:11     | Noticed a deep elf mage
 14656 | D:11     | Killed a deep elf mage
 16064 | D:11     | Found a staircase to the Lair.
 16405 | Lair:1   | Entered Level 1 of the Lair of Beasts
 16418 | Lair:1   | Reached skill level 13 in Unarmed Combat
 16747 | Lair:1   | Noticed a seven-headed hydra
 16847 | Lair:1   | Reached ***** piety under Hepliaklqana
 17380 | Lair:1   | Killed a seven-headed hydra
 17696 | Lair:2   | Found a staircase to the Swamp.
 17696 | Lair:2   | Noticed a six-headed hydra
 17722 | Lair:2   | Noticed a six-headed hydra
 17745 | Lair:2   | Killed a six-headed hydra
 17745 | Lair:2   | Reached skill level 5 in Fighting
 17745 | Lair:2   | Reached XP level 12. HP: 84/84 MP: 21/25
 17819 | Lair:2   | Found a staircase to the Snake Pit.
 17894 | Lair:2   | Killed a six-headed hydra
 17894 | Lair:2   | Reached skill level 10 in Transmutations
 18518 | Lair:3   | Reached skill level 14 in Unarmed Combat
 19840 | Lair:4   | Noticed Kirke
 19843 | Lair:4   | Noticed a sphinx
 19845 | Lair:4   | Killed Kirke
 20504 | Lair:4   | Reached skill level 10 in Spellcasting
 20801 | Lair:4   | Reached XP level 13. HP: 87/94 MP: 25/27
 20820 | Lair:4   | Reached ****** piety under Hepliaklqana
 21996 | Lair:5   | Reached skill level 15 in Unarmed Combat
 22089 | Lair:5   | Found a staircase to the Slime Pits.
 22646 | Lair:6   | Entered Level 6 of the Lair of Beasts
 22801 | Lair:6   | Slain by a basilisk

Levels and vault maps discovered:
D:1:      minmay_arrival_four_houses, layout_loops_ring
D:2:      layout_loops_ring, gammafunk_temple_overflow_wave,
          regret_index_temple_of_mockery, minmay_overflow_temple_hex,
          minmay_puff
D:3:      layout_loops_corners, chequers_ecumenical_altar_lobes
D:4:      layout_loops_ring, uniq_robin, uniq_blork_the_orc
D:5:      kennysheep_steamy, layout_basic, okawaru_ov_weapons_minmay,
          first_ration
D:6:      layout_basic, nemelex_xobeh_ov_fountains_minmay
D:7:      layout_layer_cave, kennysheep_little_box,
          minmay_temple_entry_overgrown, uniq_pikel
D:8:      layout_basic, serial_shops, nicolae_shop_overgrown_old_shop
D:9:      minmay_bloctagon, layout_small_grid
D:10:     layout_basic, hiddenorc2_lemuel, serial_shops, shop_statue
D:11:     lemuel_ice_statue, layout_cave_pools, erik_lair_dragon, grunt_pizzeria
Lair:1:   layout_regular_city, beast_lair_carwin_1, grunt_megastairs_5
Lair:2:   layout_roguey, minmay_swamp_entry_reptiles,
          minmay_snake_entry_guardpost_small
Lair:3:   minmay_lair_oklob_tunnel, layout_regular_city, patterned_corridor
Lair:4:   layout_regular_city, kennysheep_catoblepas_arena, uniq_kirke
Lair:5:   layout_concentric_octagons, minmay_slime_entry_eyes,
          lemuel_fruit_fields, grunt_megastairs_1
Lair:6:   due_jungle_book, layout_concentric_octagons

Skill      XL: |  1  2  3  4  5  6  7  8  9 10 11 12 13 |
---------------+----------------------------------------+-----
Unarmed Combat | 4 5 6 7 8 10 12 13 14 15 | 15.3
Transmutations | 3 4 6 7 8 9 10 11 | 11.3
Spellcasting   | 3 4 5 6 8 9 10 | 10.4
Fighting       | 5 7 8 |  8.1
Dodging        | |  1.7

Action                   |  1- 3 |  4- 6 |  7- 9 | 10-12 | 13-15 || total
-------------------------+-------+-------+-------+-------+-------++-------
Melee: Unarmed           |   108 |   205 |   337 |   588 |    98 ||  1336
       Tailslap          |     9 |     7 |    17 |    39 |    17 ||    89
       Kick              |     6 |       |       |       |       ||     6
       Headbutt          |     3 |     8 |    16 |     5 |       ||    32
       Punch             |     2 |       |     4 |    21 |     7 ||    34
 Cast: Beastly Appendage |    19 |    16 |    15 |     7 |       ||    57
       Spider Form       |     3 |    17 |    34 |     4 |       ||    58
       Blade Hands       |       |       |       |     8 |    11 ||    19
       Ice Form          |       |       |       |    34 |     1 ||    35
Invok: Ancestor Life: He |       |       |     1 |       |       ||     1
 Abil: Breathe Frost     |       |       |       |     1 |     1 ||     2
       End Transformatio |       |       |       |       |     1 ||     1
Evoke: Wand              |       |       |       |    10 |     1 ||    11
  Use: Scroll            |     2 |     5 |    10 |    11 |     2 ||    30
       Potion            |       |     1 |     3 |     2 |       ||     6
 Stab: Distracted        |       |       |     2 |     3 |     1 ||     6
       Confused          |       |       |       |    10 |     3 ||    13
       Invisible         |       |       |       |     2 |       ||     2
  Eat: Chunk             |     3 |    14 |    16 |    23 |     9 ||    65
       Ration            |       |       |     1 |     5 |       ||     6
Armor: Skin              |    27 |    34 |    49 |   109 |    34 ||   253
Dodge: Dodged            |    66 |   141 |   251 |   225 |    52 ||   735
Block: Other             |       |       |     1 |    79 |     7 ||    87
       Reflection        |       |       |       |     3 |       ||     3

Table legend:
 A = Non-vault XP
 B = Vault XP
 C = Vault XP percentage of total XP
 D = Non-vault monster count
 E = Vault monster count
 F = Vault count percentage of total count
                 A         B        C        D         E       F
            +---------+---------+-------+---------+---------+-------
      Total |   36436 |   13179 |  26.6 |     364 |     100 |  21.6
            +---------+---------+-------+---------+---------+-------
        D:1 |      53 |       0 |   0.0 |      23 |       0 |   0.0
        D:2 |     113 |      18 |  13.7 |      25 |       4 |  13.8
        D:3 |     197 |       0 |   0.0 |      37 |       0 |   0.0
        D:4 |     521 |     122 |  19.0 |      33 |      12 |  26.7
        D:5 |     951 |     318 |  25.1 |      21 |       2 |   8.7
        D:6 |     647 |       0 |   0.0 |      24 |       0 |   0.0
        D:7 |     940 |     651 |  40.9 |      25 |       1 |   3.8
        D:8 |     606 |     199 |  24.7 |      12 |       1 |   7.7
        D:9 |    1126 |    1826 |  61.9 |      16 |      13 |  44.8
       D:10 |    1047 |     451 |  30.1 |      15 |      31 |  67.4
       D:11 |    4644 |    1703 |  26.8 |      37 |       8 |  17.8
     Lair:1 |    3793 |    1611 |  29.8 |      16 |      13 |  44.8
     Lair:2 |    3967 |    1498 |  27.4 |      13 |       5 |  27.8
     Lair:3 |    2291 |       0 |   0.0 |      12 |       0 |   0.0
     Lair:4 |    8902 |    3813 |  30.0 |      32 |       7 |  17.9
     Lair:5 |    4069 |     969 |  19.2 |      15 |       3 |  16.7
     Lair:6 |    2569 |       0 |   0.0 |       8 |       0 |   0.0
            +---------+---------+-------+---------+---------+-------
